 Dungeon Crawl Stone Soup version 0.18-a0-1243-g9e52518 (webtiles) character file.

113886 M4edhros the Nimble (level 16, -1/136 HPs)
             Began as an Octopode Artificer on Feb 6, 2016.
             Was a High Priest of Fedhas.
             Slain by a water elemental (3 damage)
             ... summoned by Ilsuiw
             ... on level 4 of the Shoals.
             The game lasted 02:04:49 (28739 turns).

M4edhros the Nimble (Octopode Artificer)           Turns: 28739, Time: 02:04:49

Health: -1/136     AC: 22    Str:  9    XL:     16   Next: 64%
Magic:  12/24      EV: 31    Int: 30    God:    Fedhas [*****.]
Gold:   1572       SH:  0    Dex: 19    Spells: 7 memorised, 4 levels left

rFire  + . .     SeeInvis .     Q - +7 quarterstaff "Arbiter" {freeze, rC+ rN+ Int+7}
rCold  + + .     Gourm    .     (shield currently unavailable)
rNeg   + + .     Faith    .     (helmet restricted)
rPois  ∞         Spirit   .     g - amulet of regeneration
rElec  +         Dismiss  .     D - ring of protection from cold
rCorr  +         Reflect  .     G - ring of protection from fire
SustAt .         Harm     .     J - +3 ring of intelligence
MR     +++..                    F - ring of resist corrosion
Stlth  +++++++++.               Y - ring of protection from magic
                                Z - +4 ring of dexterity
                                i - ring of wizardry
                                (no ring)

@: agile, statue-form, engulfed, studying Hexes, very slow, extremely resistant
to hostile enchantments, incredibly stealthy
A: almost no armour, amphibious, 8 rings, constrict 8, antennae 2, tentacle
spike 1, repulsion field 1, (icy blue scales 0), rough black scales 1,
camouflage 1, blurry vision 1, clumsy 1, low mp 1, magic resistance 1, sense
surroundings 1, screaming 1, weak 1, (gelatinous body 0), no device heal 1
a: End Transformation, Evolution, Sunlight, Growth, Reproduction, Rain, Renounce
Religion


You were on level 4 of the Shoals.
You worshipped Fedhas.
Fedhas was extremely pleased with you.
You were hungry.
You were a stone statue.
You visited 5 branches of the dungeon, and saw 30 of its levels.
You also visited: Labyrinth, Sewer and Ice Cave.

You collected 2216 gold pieces.
You spent 644 gold pieces at shops.

Inventory:

Hand Weapons
 c - the +6 quarterstaff of Iwny {holy, *Drain rN+ MR+ Stlth+}
   (You found it on level 4 of the Lair of Beasts)

   It has been blessed by the Shining One to cause great damage to the undead
   and demons.
   It protects you from negative energy.
   It affects your resistance to hostile enchantments.
   It causes draining when unequipped.
   It makes you more stealthy.
 p - a +0 blowgun
 A - the +8 Wrath of Trog {antimagic, *Rage}
   (You took it off a frost giant in an ice cave)

   It disrupts the flow of magical energy around spellcasters and certain
   magical creatures (including the wielder).
   It may make you go berserk in combat.
 M - a +2 dire flail of protection
 P - the +7 arbalest "Bamuasion" {venom, *Corrode rF- MP+9 Str+8}
   (You bought it in a shop on level 10 of the Dungeon)

   It poisons the ammo it fires.
   It affects your strength (+8).
   It makes you vulnerable to fire.
   It affects your magic capacity (+9).
   It may corrode your equipment when you take damage.
 Q - the +7 quarterstaff "Arbiter" (weapon) {freeze, rC+ rN+ Int+7}
   (You bought it in a shop on level 10 of the Dungeon)

   It has been specially enchanted to freeze those struck by it, causing extra
   injury to most foes and up to half again as much damage against particularly
   susceptible opponents.
   It can also slow down cold-blooded creatures.
   It affects your intelligence (+7).
   It protects you from cold.
   It protects you from negative energy.
Missiles
 q - 65 poisoned needles
 R - 138 bolts
 S - 10 poisoned bolts
 T - 3 bolts of flame
 U - 7 curare-tipped needles
Rods
 m - a +9 rod of the swarm (14/14)
   (You found it on level 8 of the Lair of Beasts)
Jewellery
 g - an amulet of regeneration (around mantle)
 i - a ring of wizardry (on tentacle)
 r - an uncursed ring of protection from fire
 v - an uncursed amulet of rage
 z - a +3 amulet of reflection
 D - a ring of protection from cold (left tentacle)
 F - a ring of resist corrosion (on tentacle)
 G - a ring of protection from fire (right tentacle)
 I - an uncursed ring of ice
 J - a +3 ring of intelligence (on tentacle)
 N - an uncursed ring of ice
 Y - a ring of protection from magic (on tentacle)
 Z - a +4 ring of dexterity (on tentacle)
Wands
 a - a wand of digging (15/24)
 b - a wand of iceblast (6/15)
 j - a wand of lightning (6/15)
 k - a wand of iceblast (8/15)
 o - a wand of confusion (11/48)
 u - a wand of paralysis (6/24)
 x - a wand of lightning (4/15)
 E - a wand of iceblast (7/15)
Scrolls
 d - a scroll of identify
 h - 5 scrolls of fear
 s - 2 scrolls of fog
 y - 9 scrolls of teleportation
 L - 2 scrolls of magic mapping
Potions
 e - a potion of resistance
 n - 2 potions of curing
 w - 3 potions of ambrosia
Books
 X - a manual of Hexes
Miscellaneous
 t - a fan of gales (inert)
 K - a phial of floods (inert)
 O - a lamp of fire (inert)
Comestibles
 f - 14 bread rations
 C - 27 fruits
 H - 7 slices of pizza


   Skills:
 + Level 8.2 Fighting
   Level 1.0 Short Blades
 - Level 9.2 Staves
 - Level 9.6 Crossbows
 + Level 14.1 Dodging
 - Level 12.9 Stealth
   Level 6.4 Shields
 * Level 7.2 Spellcasting
 + Level 4.0 Translocations
 * Level 7.8 Transmutations
 * Level 7.5 Earth Magic
 - Level 7.6 Invocations
 * Level 10.2 Evocations


You had 4 spell levels left.
You knew the following spells:

 Your Spells              Type           Power        Failure   Level  Hunger
a - Mephitic Cloud        Conj/Pois/Air  ##......     7%          3    None
b - Repel Missiles        Chrm/Air       ##....       4%          2    None
c - Statue Form           Trmt/Erth      ######...    12%         6    ######.
d - Swiftness             Chrm/Air       ##......     4%          2    None
e - Phase Shift           Tloc           #####.....   12%         5    ####...
f - Gell's Gravitas       Hex/Tloc       ###.......   4%          3    None
g - Force Lance           Conj/Tloc      ###.....     10%         4    ##.....


Dungeon Overview and Level Annotations

Branches:
Dungeon (15/15)            Temple (1/1) D:4            Lair (8/8) D:8
 Shoals (4/4) Lair:4       Spider (0/4) Lair:3        Slime (0/6) Lair:6
    Orc (2/2) D:9             Elf (0/3) Orc:2        Vaults (0/5) D:14
 Depths: D:15

Altars:
Ashenzari
Cheibriados
Dithmenos
Elyvilon
Fedhas
Gozag
Kikubaaqudgha
Makhleb
Nemelex Xobeh
Okawaru
Pakellas
Qazlal
Ru
Sif Muna
Trog
Vehumet
Xom
Yredelemnul
Zin
The Shining One
Beogh

Shops:
D:6 }   D:10 (   Orc:2 !(*}

Annotations:
D:13 exclusion: orange crystal statue
Shoals:4 Ilsuiw


Innate Abilities, Weirdness & Mutations

You cannot wear most types of armour.
You are amphibious.
You can wear up to eight rings at the same time.
You can use your tentacles to constrict eight enemies at once.
Your skin changes colour to match your surroundings (Stealth).
((Your rubbery body absorbs attacks (AC +1).))
You have a pair of antennae on your head.
One of your tentacles bears a spike.
You are surrounded by a mild repulsion field (EV +2).
((You are partially covered in icy blue scales (AC +1).))
(You are partially covered in rough black scales (AC +4, Dex -1).)
Scrolls take you a little longer to read.
You are clumsy. (Dex -2)
Your magical capacity is low (-10% MP).
You are resistant to hostile enchantments.
You passively map a small area around you.
You occasionally shout uncontrollably at your foes.
You are weak. (Str -2)
Potions and wands are less effective at restoring your health.


Message History

The water elemental completely misses you.
Something hits you but does no damage.
The merfolk avatar struggles to escape constriction.
The merfolk aquamancer gestures wildly while chanting.
The merfolk aquamancer blinks!
The water elemental hits you. x2
Drink which item? (? for menu, Esc to quit)
You feel better.
You constrict the merfolk avatar.
The merfolk avatar seems less confused.
The merfolk avatar mumbles, "Of all the rotten luck!"
The merfolk avatar escapes!
The water elemental hits you. The water elemental barely misses you.
Something hits you but does no damage.
The merfolk aquamancer mumbles some strange words.
The merfolk aquamancer blinks!
The merfolk impaler hits the siren with a demon trident of draining!!
The water elemental completely misses you.
The water elemental hits you!
* * * LOW HITPOINT WARNING * * *
The water elemental hits you.
You die...
Fedhas appreciates your contribution to the ecosystem.

,≈*≈≈≈*≈,,......*≈≈≈≈≈≈≈{≈#...≈≈≈
,*≈≈≈≈≈*,.......#≈#≈≈≈*{,≈#...≈≈≈
,≈≈≈≈≈≈≈,.m......#m#.,,,≈##.≈≈≈≈≈
,*≈≈≈≈≈*≈...m.....#.,E,≈##..≈≈≈≈≈
,≈*≈≈≈*≈≈≈≈≈≈≈≈≈≈()######...≈≈≈≈≈
≈,≈*≈*≈≈≈≈≈≈≈m≈≈≈≈≈(.?f....≈≈≈≈≈≈
≈≈≈≈≈≈≈≈≈≈≈≈≈≈≈≈≈†(≈≈≈m≈...≈≈≈≈≈≈
≈≈≈≈≈≈≈≈≈≈≈≈≈≈§≈E(≈≈(≈≈≈≈≈≈≈≈≈≈≈≈
≈≈≈≈≈≈≈≈≈≈≈≈≈≈{E8≈≈≈≈≈≈≈≈≈≈≈≈≈≈≈≈
≈≈≈≈≈≈≈≈≈≈≈≈≈≈≈EE≈≈≈≈≈≈≈≈≈≈≈≈≈≈≈≈
≈≈≈≈≈≈≈≈≈≈≈≈≈≈≈≈≈≈≈≈(≈≈≈≈≈≈≈≈≈≈≈≈
≈≈≈≈≈≈≈≈≈≈≈≈§≈≈≈≈≈≈≈≈≈≈≈≈≈≈≈≈≈≈≈≈
*********#######################*


You could see 2 merfolk avatars, 2 merfolk impalers, 4 water elementals, a siren
(fleeing) and a friendly wandering mushroom.

Vanquished Creatures
  2 orc warlords (Orc:2)
  A frost giant (IceCv)
  A dire elephant (Lair:8)
  A merfolk javelineer (Shoals:4)
  A minotaur (Lab)
  Snorg (D:11)
  3 merfolk impalers
  Josephine (D:12)
  Fannar (D:12)
  5 hydras
  A merfolk avatar (Shoals:1)
  A catoblepas (Lair:8)
  A deep troll shaman (Lair:8)
  4 merfolk aquamancers (Shoals:4)
  13 death yaks
  4 orc high priests (Orc:2)
  2 wandering mushrooms
  4 unseen horrors
  A sea snake (Shoals:1)
  A lindwurm (shapeshifter) (D:14)
  5 hill giants
  5 harpies
  4 griffons
  4 orc knights (Orc:2)
  Pikel (D:4)
  4 orc sorcerers (Orc:2)
  A wolf spider (Lair:3)
  6 ugly things
  2 deep elf magi
  6 cyclopes
  A manticore (Shoals:4)
  A moth of wrath (shapeshifter) (D:14)
  14 elephants
  A water nymph (Shoals:4)
  A siren (Shoals:3)
  8 black mambas
  An ice statue (IceCv)
  11 spiny frogs
  A torpor snail (Lair:4)
  7 komodo dragons
  5 fire drakes
  An efreet (D:14)
  7 trolls
  A merfolk (Shoals:2)
  21 polar bears
  5 two-headed ogres
  11 blink frogs
  A slime creature (D:13)
  3 snapping turtles
  Sigmund (D:4)
  35 yaks
  2 water elementals
  A human (D:10)
  A basilisk (Lair:1)
  A hog (shapeshifter) (D:14)
  5 wyverns
  7 hippogriffs
  2 wraiths (D:12)
  A soldier ant (D:13)
  A mottled dragon (D:13)
  26 wolves
  6 wargs
  A soldier ant (shapeshifter) (D:14)
  5 ice beasts
  13 porcupines
  18 water moccasins
  42 orc warriors
  2 phantoms (D:11)
  3 sky beasts
  2 black bears
  9 ogres
  8 centaurs
  13 crocodiles
  7 big kobolds
  Blork the orc (D:4)
  15 giant frogs
  4 scorpions
  12 killer bees
  6 wights
  5 electric eels
  3 crimson imps
  33 orc priests
  6 hounds
  17 jellies
  3 centaur skeletons
  8 iguanas
  13 orc wizards
  5 giant frog skeletons
  7 hell rats (Lair:6)
  13 worker ants
  24 sheep
  A hound skeleton (D:11)
  5 gnolls
  15 adders
  39 river rats
  4 shadow imps
  12 white imps (Lair:7)
  4 oozes
  6 adder skeletons
  5 worms
  9 giant geckos
  99 orcs
  6 giant cockroaches
  8 goblins
  7 hobgoblins
  8 jackals
  44 kobolds
  7 quokkas
  7 ball pythons
  5 bats
  2 giant gecko skeletons (D:5)
  5 giant newts
  2 quokka skeletons
  36 rats
  12 ballistomycetes
  13 giant spores
  4 plants
  3 toadstools
943 creatures vanquished.

Vanquished Creatures (collateral kills)
  A merfolk impaler (Shoals:4)
  3 hydras
  3 merfolk aquamancers
  An orc high priest (Orc:2)
  5 death yaks
  An unseen horror (D:14)
  A deep troll (D:14)
  An orc knight (Orc:2)
  3 harpies (Shoals:1)
  2 ugly things (D:14)
  5 elephants
  A griffon (Lair:6)
  A torpor snail (Lair:5)
  A spiny frog (Lair:8)
  2 centaur skeletons
  A fire drake (Lair:6)
  A komodo dragon (Lair:2)
  2 trolls
  5 merfolk (Shoals:4)
  3 polar bears
  A snapping turtle (Shoals:4)
  A blink frog (Lair:6)
  5 slime creatures (D:13)
  2 water elementals (Shoals:2)
  4 wraiths
  8 yaks
  A steam dragon (D:8)
  2 basilisks
  A vampire mosquito (D:14)
  A hog (D:10)
  A mottled dragon (D:13)
  2 wolves
  4 porcupines
  2 black bears
  4 sky beasts
  6 ogres
  2 ice beasts (D:14)
  6 orc warriors
  A centaur (D:8)
  8 crocodiles
  2 giant frogs
  A scorpion (D:10)
  8 killer bees
  5 wights
  A giant frog skeleton (D:5)
  A hound (D:6)
  A jelly (D:5)
  2 orc priests
  2 orc wizards
  An iguana (D:14)
  A worker ant (D:7)
  5 sheep
  3 gnolls (D:3)
  5 river rats
  An adder (D:12)
  A shadow imp (D:5)
  31 orcs
  4 jackals
  24 giant spores
  4 hyperactive ballistomycetes
208 creatures vanquished.

Vanquished Creatures (others)
  A vault guard (D:14)
  An unseen horror (D:14)
  A deep troll (D:14)
  3 oklob plants
  2 polar bears (IceCv)
  4 yaks
  3 wolves (IceCv)
  3 orc warriors (Orc:2)
  A centaur (D:12)
  A giant frog (D:14)
  A wasp zombie (D:6)
  A hound (D:4)
  A jelly (Lair:6)
  An orc priest (Orc:2)
  A giant frog skeleton (D:4)
  A worker ant (D:4)
  2 worker ant zombies
  3 river rats (Lair:1)
  3 orcs
  38 wandering mushrooms
  18 ballistomycetes
  A bush (D:8)
  15 fungi
  18 giant spores
  3 hyperactive ballistomycetes
  16 plants
  916 toadstools
1059 creatures vanquished.

Grand Total: 2210 creatures vanquished

Notes
Turn   | Place    | Note
--------------------------------------------------------------
     0 | D:1      | M4edhros the Octopode Artificer began the quest for the Orb.
     0 | D:1      | Reached XP level 1. HP: 13/13 MP: 3/3
    84 | D:1      | Reached XP level 2. HP: 15/18 MP: 4/4
   694 | D:2      | Reached XP level 3. HP: 23/23 MP: 5/5
   984 | D:4      | Noticed a sky beast
  1039 | D:4      | Reached XP level 4. HP: 3/28 MP: 6/6
  1241 | D:4      | Found a glowing drain.
  1244 | D:4      | Reached skill level 4 in Stealth
  1273 | Sewer    | Entered a sewer
  1544 | Sewer    | Noticed a big kobold
  1557 | Sewer    | Killed a big kobold
  1557 | Sewer    | Reached XP level 5. HP: 21/33 MP: 6/8
  2028 | Sewer    | Reached skill level 5 in Stealth
  2132 | Sewer    | Reached XP level 6. HP: 29/38 MP: 9/9
  2485 | D:4      | Noticed Blork the orc
  2498 | D:4      | Killed Blork the orc
  2520 | D:4      | Found a shattered altar of Ashenzari.
  2559 | D:4      | Killed a sky beast
  2559 | D:4      | Reached skill level 5 in Dodging
  2559 | D:4      | Reached skill level 6 in Stealth
  2559 | D:4      | Reached XP level 7. HP: 32/43 MP: 10/10
  2564 | D:4      | Gained mutation: You are partially covered in rough black scales (AC +4, Dex -1). [mutagenic meat]
  2565 | D:4      | Gained mutation: You occasionally shout uncontrollably at your foes. [mutagenic meat]
  2566 | D:4      | Gained mutation: You have a pair of small antennae on your head. [mutagenic meat]
  2567 | D:4      | Gained mutation: You passively map a small area around you. [mutagenic meat]
  2568 | D:4      | Gained mutation: Your muscles are strong. (Str +2) [mutagenic meat]
  2699 | D:4      | Noticed Sigmund
  2714 | D:4      | Killed Sigmund
  2714 | D:4      | Reached skill level 7 in Stealth
  2864 | D:4      | Noticed Pikel
  2896 | D:4      | Killed Pikel
  2896 | D:4      | Reached skill level 8 in Stealth
  2896 | D:4      | Reached skill level 5 in Evocations
  2896 | D:4      | Reached XP level 8. HP: 41/48 MP: 10/12
  2961 | D:4      | Found a staircase to the Ecumenical Temple.
  2968 | Temple   | Entered the Ecumenical Temple
  3214 | Temple   | Became a worshipper of Fedhas Madash
  3912 | D:1      | Reached * piety under Fedhas
  5106 | D:5      | Entered Level 5 of the Dungeon
  5202 | D:5      | Reached skill level 9 in Stealth
  5456 | D:5      | Reached skill level 1 in Invocations
  5457 | D:5      | Reached ** piety under Fedhas
  5946 | D:6      | Reached skill level 1 in Shields
  5985 | D:6      | Reached XP level 9. HP: 45/53 MP: 13/13
  5989 | D:6      | Gained mutation: Scrolls take you a little longer to read. [mutagenic meat]
  5992 | D:6      | Lost mutation: Your muscles are strong. (Str +2) [mutagenic meat]
  5993 | D:6      | Lost mutation: Scrolls take you a little longer to read. [mutagenic meat]
  6210 | D:6      | Found Xaatall's Gadget Boutique.
  6265 | D:6      | Reached skill level 10 in Stealth
  6308 | D:6      | Gained mutation: You evolve. [potion of mutation]
  6308 | D:6      | Gained mutation: You are frail (-10% HP). [potion of mutation]
  6872 | D:7      | Reached *** piety under Fedhas
  7359 | D:8      | Reached skill level 11 in Stealth
  7452 | D:8      | Reached XP level 10. HP: 25/52 MP: 14/14
  7560 | D:8      | Found a staircase to the Lair.
  7710 | D:8      | Reached skill level 5 in Shields
  7867 | D:8      | Found a sparkling altar of Nemelex Xobeh.
  7867 | D:8      | Found a shimmering altar of Xom.
  7867 | D:8      | Found a snail-covered altar of Cheibriados.
  7867 | D:8      | Found a stormy altar of Qazlal.
  7868 | D:8      | Found a glowing silver altar of Zin.
  7869 | D:8      | Found a burning altar of Makhleb.
  7870 | D:8      | Found a bloodstained altar of Trog.
  7872 | D:8      | Found a deep blue altar of Sif Muna.
  8066 | D:8      | Reached **** piety under Fedhas
  8285 | D:8      | Gained mutation: You are dopey. (Int -2) [mutagenic meat]
  8286 | D:8      | Lost mutation: You are frail (-10% HP). [mutagenic meat]
  8287 | D:8      | Lost mutation: You evolve. [mutagenic meat]
  8288 | D:8      | Lost mutation: You are dopey. (Int -2) [mutagenic meat]
  8355 | D:9      | Found a staircase to the Orcish Mines.
  8504 | D:9      | Reached skill level 12 in Stealth
  8708 | D:9      | Gained mutation: You are frail (-10% HP). [mutagenic meat]
  9283 | D:10     | Entered Level 10 of the Dungeon
  9325 | D:10     | Noticed a hill giant
  9338 | D:10     | Killed a hill giant
  9383 | D:10     | Found a stormy altar of Qazlal.
  9390 | D:10     | Noticed an unseen horror
  9410 | D:10     | Killed an unseen horror
  9431 | D:10     | Noticed an unseen horror
  9439 | D:10     | Killed an unseen horror
  9439 | D:10     | Reached skill level 5 in Invocations
  9439 | D:10     | Reached XP level 11. HP: 18/56 MP: 4/16
  9753 | D:10     | Found Koca Von's Antique Weapon Shop.
  9758 | D:10     | Bought an encrusted arbalest for 228 gold pieces
  9758 | D:10     | Bought a jewelled quarterstaff for 216 gold pieces
  9758 | D:10     | Identified the +7 arbalest "Bamuasion" {venom, *Corrode rF- MP+9 Str+8} (You bought it in a shop on level 10 of the Dungeon)
  9759 | D:10     | Identified the +7 quarterstaff "Arbiter" {freeze, rC+ rN+ Int+7} (You bought it in a shop on level 10 of the Dungeon)
 10359 | D:11     | Noticed a hill giant
 10375 | D:11     | Noticed a hill giant
 10377 | D:11     | Reached skill level 1 in Staves
 10378 | D:11     | Killed a hill giant
 10378 | D:11     | Reached skill level 1 in Crossbows
 10394 | D:11     | Killed a hill giant
 10394 | D:11     | Reached skill level 10 in Dodging
 10602 | D:11     | Noticed a cyclops
 10613 | D:11     | Killed a cyclops
 10697 | D:11     | Found an opulent altar of Gozag.
 10735 | D:11     | Noticed Snorg
 10744 | D:11     | Killed Snorg
 10755 | D:11     | Noticed an unseen horror
 10760 | D:11     | Killed an unseen horror
 11030 | D:11     | Noticed a deep elf mage
 11039 | D:11     | Killed a deep elf mage
 11254 | D:12     | Noticed an unseen horror
 11273 | D:12     | Killed an unseen horror
 11354 | D:12     | Noticed Josephine
 11360 | D:12     | Killed Josephine
 11360 | D:12     | Reached XP level 12. HP: 61/61 MP: 13/18
 11373 | D:12     | Noticed Fannar
 11388 | D:12     | Killed Fannar
 11451 | D:12     | Reached skill level 5 in Crossbows
 11646 | D:12     | Noticed a seven-headed hydra
 11657 | D:12     | Killed a seven-headed hydra
 11657 | D:12     | Reached skill level 5 in Staves
 12039 | D:13     | Gained mutation: You are resistant to hostile enchantments. [mutagenic meat]
 12040 | D:13     | Lost mutation: You are frail (-10% HP). [mutagenic meat]
 12897 | D:14     | HP: 3/68 [deep elf mage/bolt of lightning (30)]
 12901 | D:14     | Reached XP level 13. HP: 37/72 MP: 18/20
 12919 | D:14     | Gained mutation: You are weak. (Str -2) [mutagenic meat]
 12920 | D:14     | Gained mutation: One of your tentacles bears a spike. [mutagenic meat]
 12922 | D:14     | Gained mutation: Your magical capacity is low (-10% MP). [mutagenic meat]
 13461 | D:14     | Noticed a vault guard
 13496 | D:14     | Found a gate to the Vaults.
 13901 | D:15     | Entered Level 15 of the Dungeon
 14017 | D:14     | Gained mutation: You are partially covered in icy blue scales (AC +1). [mutagenic meat]
 14019 | D:14     | Gained mutation: You are surrounded by a mild repulsion field (EV +2). [mutagenic meat]
 14168 | Orc:1    | Entered Level 1 of the Orcish Mines
 14527 | Orc:2    | Entered Level 2 of the Orcish Mines
 14550 | Orc:2    | Reached ***** piety under Fedhas
 15054 | Orc:2    | Found Gelil's General Store.
 15069 | Orc:2    | Found Deugh's Gadget Boutique.
 15083 | Orc:2    | Found a roughly hewn altar of Beogh.
 15122 | Orc:2    | Bought 15 poisoned bolts for 60 gold pieces
 15849 | Orc:2    | Noticed an orc warlord
 15857 | Orc:2    | Killed an orc warlord
 15877 | Orc:2    | Reached XP level 14. HP: 44/85 MP: 9/19
 15879 | Orc:2    | Noticed an orc warlord
 15895 | Orc:2    | Killed an orc warlord
 15956 | Orc:2    | Found a roughly hewn altar of Beogh.
 16119 | Orc:2    | Reached skill level 5 in Fighting
 16125 | Orc:2    | Found Neutixae's Antique Weapon Shoppe.
 16233 | Orc:2    | Found Ekaur's Distillery.
 16271 | Orc:2    | Bought 2 potions of mutation for 70 gold pieces
 16271 | Orc:2    | Bought 2 potions of mutation for 70 gold pieces
 16271 | Orc:2    | Gained mutation: Scrolls take you a little longer to read. [potion of mutation]
 16271 | Orc:2    | Gained mutation: You have a pair of antennae on your head. [potion of mutation]
 16272 | Orc:2    | Gained mutation: You are clumsy. (Dex -2) [potion of mutation]
 16274 | Orc:2    | Gained mutation: Potions and wands are less effective at restoring your health. [potion of mutation]
 16485 | Orc:2    | Identified the Grimoire of Ashen Unholy Arts
 16556 | Orc:2    | Found a staircase to the Elven Halls.
 16963 | Lair:1   | Entered Level 1 of the Lair of Beasts
 17501 | Lair:2   | Reached skill level 13 in Dodging
 17584 | Lair:2   | Found a labyrinth entrance.
 17605 | Lab      | Entered a labyrinth
 18957 | Lab      | Identified the Compendium of Destructive Enchantment
 18988 | Lair:2   | Learned a level 3 spell: Mephitic Cloud
 18991 | Lair:2   | Learned a level 2 spell: Repel Missiles
 18998 | Lair:2   | Learned a level 6 spell: Statue Form
 19148 | Lair:2   | Reached skill level 1 in Spellcasting
 19148 | Lair:2   | Reached skill level 1 in Earth Magic
 19431 | Lair:2   | Reached skill level 1 in Transmutations
 19764 | Lair:3   | Found a hole to the Spider Nest.
 20315 | Lair:4   | Found a staircase to the Shoals.
 21026 | Lair:4   | Learned a level 2 spell: Swiftness
 21247 | Lair:4   | Reached XP level 15. HP: 57/96 MP: 20/20
 21346 | Lair:4   | Got a bone quarterstaff
 21347 | Lair:4   | Identified the +6 quarterstaff of Iwny {holy, *Drain rN+ MR+ Stlth+} (You found it on level 4 of the Lair of Beasts)
 22332 | Lair:5   | Learned a level 5 spell: Phase Shift
 22384 | Lair:5   | Learned a level 3 spell: Gell's Gravitas
 22754 | Lair:6   | Reached skill level 5 in Transmutations
 22760 | Lair:6   | Reached skill level 1 in Translocations
 23505 | Lair:6   | Found a staircase to the Slime Pits.
 23707 | Lair:7   | Found a frozen archway.
 23752 | Lair:7   | Reached skill level 5 in Earth Magic
 23780 | Lair:7   | HP: 4/97 [spiny frog (26)]
 23960 | IceCv    | Entered an ice cave
 24369 | IceCv    | Reached skill level 5 in Spellcasting
 24908 | IceCv    | Reached ****** piety under Fedhas
 25174 | IceCv    | Noticed a frost giant
 25276 | IceCv    | Killed a frost giant
 26317 | Lair:8   | Entered Level 8 of the Lair of Beasts
 26488 | Lair:8   | Reached XP level 16. HP: 80/104 MP: 22/22
 26632 | Lair:8   | Identified a +6 rod of the swarm (9/9) (You found it on level 8 of the Lair of Beasts)
 26682 | Lair:8   | Learned a level 4 spell: Force Lance
 27217 | Lair:8   | Reached skill level 14 in Dodging
 27355 | Lair:8   | Identified the Volume of the Loofah
 27615 | Shoals:1 | Entered Level 1 of the Shoals
 27768 | Shoals:1 | HP: 5/105 [harpy (15)]
 28347 | Shoals:4 | Entered Level 4 of the Shoals
 28518 | Shoals:4 | Reached skill level 10 in Evocations
 28726 | Shoals:4 | Noticed Ilsuiw
 28737 | Shoals:4 | HP: 3/136 [water elemental[Ilsuiw] (6)]
 28739 | Shoals:4 | Slain by a water elemental

Vault maps used:
D:1:      shiori_arrival_maze, minivault_4
D:2:      serial_park_tiny_2
D:3:      roderic_whirl, hangedman_glass_teeth
D:4:      temple_fountains, gup_sewer_entry_bubbles, ashenzari_altar_1,
          uniq_blork_the_orc, uniq_sigmund, uniq_pikel
D:5:      wad_river_or_something, first_bread
D:6:      serial_shops, shop, grunt_ministairs_2
D:8:      minitemple, minmay_lair_entry_grove
D:9:      orc_0_dummy
D:10:     serial_glass, glass_columns_b, glass_columns_a, glass_columns_a,
          glass_columns_a, glass_columns_a, glass_columns_b, glass_columns_b,
          glass_columns_c, glass_columns_a, glass_columns_c, serial_shops,
          nicolae_shop_statue_plus, grunt_livestock,
          nicolae_qazlal_general_emergency
D:11:     grunt_gozag_statues, uniq_snorg
D:12:     nrook_mini_backslash, uniq_josephine, uniq_fannar
D:13:     minmay_protected_statue
D:14:     david_vaults_5, minmay_splitting_lines, minmay_item_behind_shaft
D:15:     grunt_enter_depths_magical_seal, basic_altar, minivault_24,
          minmay_misc_feat_secret_circle, nemelex_diamond_rough_becter
Temple:   chambers_temple_12
Lair:1:   dpeg_stationary_puzzle
Lair:2:   lab_entry_generic, minivault_11, grunt_megastairs_5
Lair:3:   spider_nest_entry_rubble, infiniplex_staircase_pool_2,
          lemuel_fruit_fields
Lair:4:   minmay_shoals_entry_centaurs, lemuel_fruit_fields,
          serial_bayou_shore_a
Lair:5:   lemuel_fruit_tree, grunt_megastairs_1
Lair:6:   minmay_slime_entry_jelly_boxes, serial_bayou, serial_bayou_pond_d,
          serial_bayou_pond_b, serial_bayou_shore_b, serial_bayou_lagoon_b,
          beast_lair_carwin_3, lemuel_fruit_fields
Lair:7:   portal_ice_cave_entry_imps, st_stairs_11
Lair:8:   grunt_lair_end_beastmaster, patterned_corridor,
          bh_autumn_forest_stairs
Shoals:2: serial_shops, shop, nicolae_shoals_c_island, uniq_roxanne
Shoals:3: serial_shops, nicolae_shop_crystal, uniq_nikola
Shoals:4: shoals_end_hangedman, shoal_ilsuiw, serial_shops, shop,
          nicolae_shoals_aquamancer_cove
Orc:1:    bloody_trog
Orc:2:    pubby_orc_utopia
Lab:      labyrinth_watery
Sewer:    sewer_minmay_treatment
IceCv:    ice_cave_caverns_02

Action                   |  1- 3 |  4- 6 |  7- 9 | 10-12 | 13-15 | 16-18 || total
-------------------------+-------+-------+-------+-------+-------+-------++-------
Melee: Short sword       |    70 |    97 |       |       |       |       ||   167
       Battleaxe         |       |     2 |    67 |   157 |       |     6 ||   232
       Dagger            |       |       |   141 |    42 |    13 |       ||   196
       Whip              |       |       |    12 |       |       |       ||    12
       Quarterstaff      |       |       |       |    98 |  1032 |   170 ||  1300
       Dire flail        |       |       |       |       |     6 |       ||     6
 Fire: Blowgun           |       |     9 |    37 |    47 |       |       ||    93
       Hunting sling     |       |       |    13 |     7 |     8 |       ||    28
       Arbalest          |       |       |       |   129 |   287 |   113 ||   529
 Cast: Gell's Gravitas   |       |       |       |       |     6 |       ||     6
       Phase Shift       |       |       |       |       |       |     2 ||     2
       Statue Form       |       |       |       |       |       |     1 ||     1
Invok: Evolution         |       |       |     7 |    11 |    28 |     9 ||    55
       Sunlight          |       |       |       |    17 |     2 |    14 ||    33
       Reproduction      |       |       |       |     6 |    20 |     2 ||    28
       Rain              |       |       |       |       |       |     1 ||     1
       Growth            |       |       |       |       |       |     1 ||     1
 Abil: Evoke Berserk Rag |       |       |       |       |     6 |       ||     6
Evoke: Wand              |     6 |     5 |     2 |     9 |    42 |     3 ||    67
       Deck              |       |       |       |       |     6 |       ||     6
       Phial of floods   |       |       |       |       |     1 |     2 ||     3
       Rod               |       |       |       |       |       |     2 ||     2
       Fan of gales      |       |       |       |       |       |     1 ||     1
       Lamp of fire      |       |       |       |       |       |     1 ||     1
  Use: Scroll            |     1 |       |       |    13 |    20 |    10 ||    44
       Potion            |       |       |    12 |     6 |    18 |     9 ||    45
 Stab: Sleeping          |     5 |    18 |    21 |    19 |    35 |     2 ||   100
       Distracted        |       |     3 |     3 |     2 |     3 |       ||    11
       Paralysed         |       |     3 |       |       |     3 |       ||     6
       Confused          |       |       |       |     2 |    10 |       ||    12
       Petrifying        |       |       |       |     1 |       |       ||     1
  Eat: Chunk             |       |     5 |    14 |     9 |    10 |       ||    38
       Meat ration       |       |       |     2 |     3 |     4 |       ||     9
       Beef jerky        |       |       |     1 |       |     8 |       ||     9
       Bread ration      |       |       |       |     1 |     2 |     1 ||     4
       Royal jelly       |       |       |       |       |     1 |       ||     1
       Pizza             |       |       |       |       |    10 |       ||    10
